 Dungeon Crawl Stone Soup version bcrawl-1.27.6 (webtiles) character file.

Game seed: 14351645721325479350

171449 Faustar the Conjurer (level 8, -4/62 HPs)
             Began as a White Draconian Conjurer on Sept 9, 2020.
             Slain by a cyan ugly thing (13 damage)
             ... on level 6 of the Dungeon.
             The game lasted 00:19:53 (7759 turns).

Faustar the Conjurer (White Draconian Conjurer)     Turns: 7759, Time: 00:19:54

Health: -4/62      AC:  9    Str: 11    XL:     8   Next: 42%
Magic:  22/24      EV: 12    Int: 18    God:
Gold:   307        SH:  0    Dex: 11    Spells: 10/17 levels left

rFire    . . .     SeeInvis .   f - +2 dagger (vamp)
rCold    + . .     Gourm    .   (no shield)
rNeg     . . .     Faith    .   (armour unavailable)
rPois    .         Spirit   .   (helmet restricted)
rElec    .         Reflect  .   (no cloak)
rCorr    .         Harm     .   t - +2 pair of gloves
MR       .....                  (no boots)
Stlth    ++........             (no amulet)
HPRegen  0.20/turn              m - ring of wizardry
MPRegen  0.19/turn              n - ring of magical power

@: no status effects
A: breathe frost, unfitting armour, cold resistance 1, cold-blooded, AC +6
a: Breathe Frost


You were on level 6 of the Dungeon.
You were very hungry.

You visited 1 branch of the dungeon, and saw 7 of its levels.
You also visited: Ossuary.

You collected 307 gold pieces.

Inventory:

Hand Weapons
 f - a +2 vampiric dagger (weapon)
 q - the +8 flail of Edocrer {freeze, rN+ Str-3 Int+3, unknown}
   (You found it on level 5 of the Dungeon)

   It has been specially enchanted to freeze those struck by it, increasing
   damage dealt by approximately one third against foes not resistant or
   susceptible to cold, and potentially slowing cold-blooded foes.
   It affects your strength (-3).
   It affects your intelligence (+3).
   It protects you from negative energy.
Armour
 t - a +2 pair of gloves (worn)
Jewellery
 m - a ring of wizardry (left hand)
 n - a ring of magical power (right hand)
 x - a +4 ring of evasion
Wands
 v - a wand of flame (10)
 y - a wand of paralysis (8)
Scrolls
 d - 8 scrolls of identify
 g - 4 scrolls of teleportation
 h - 10 scrolls of remove curse
 i - a scroll of enchant weapon
 j - a scroll of noise {unknown}
 l - a scroll of fog {unknown}
 o - 3 scrolls of immolation
 u - a scroll of enchant armour
 w - a scroll of fear {unknown}
Potions
 a - 8 potions of curing
 b - 4 potions of magic
 c - 3 potions of degeneration {unknown}
 k - a potion of might {unknown}
 p - 2 potions of lignification {unknown}
 r - 4 potions of brilliance {unknown}
 s - 4 potions of mutation {unknown}
Comestibles
 e - 8 rations {!d}


   Skills:
 - Level 2.7 Fighting
 - Level 1.7 Dodging
 - Level 2.0 Stealth
 + Level 5.1 Spellcasting
 + Level 6.6 Conjurations
 - Level 6.0 Hexes


You had 10 spell levels left.
You knew the following spells:

 Your Spells              Type           Power        Failure   Level  Hunger
a - Magic Dart            Conj           ####         1%          1    None
b - Searing Ray           Conj           ####....     1%          2    None
c - Fulminant Prism       Conj/Hex       ####......   4%          4    ####...

Your spell library contained the following spells:

 Spells                   Type           Power        Failure   Level  Hunger
 Corona                   Hex            ####...      1%          1    None
 Shackle                  Hex            ####....     1%          2    None
 Iskenderun's Mystic Bla  Conj           ####....     1%          3    ###....
 False Image              Hex/Summ       ###.....     4%          3    ###....
 Inner Flame              Hex/Fire       N/A          4%          3    ###....
 Cause Fear               Hex            ####......   4%          4    ####...
 Yara's Violent Unravell  Hex/Tmut       ###.......   16%         4    ####...
 Irradiate                Conj/Tmut      ###.......   34%         5    ######.


Dungeon Overview and Level Annotations

Branches:
Dungeon (7/12)
 Temple: D:4-7         Lair: D:7-9

Altars:
Lugonu
Ru
Sif Muna
Xom
Yredelemnul
Zin


Innate Abilities, Weirdness & Mutations

You can breathe waves of freezing cold.
You can buffet flying creatures when you breathe cold.
Your icy white scales are hard. (AC +6)
You cannot fit into any form of body armour.
Your flesh is cold resistant. (rC+)
You are cold-blooded and may be slowed by cold attacks.


Message History

Okay, then.
Unknown command.
Evoke which item? (* to show all) (? for menu, Esc to quit)
Aiming: Paralyse
Press: ? - help, Shift-Dir - straight line, f/p - cyan ugly thing
Aim: a cyan ugly thing (chance to defeat MR: 28%)
The cyan ugly thing easily resists.
The cyan ugly thing barely misses you.
Evoke which item? (* to show all) (? for menu, Esc to quit)
Aiming: Paralyse
Press: ? - help, Shift-Dir - straight line, f/p - cyan ugly thing
Aim: a cyan ugly thing (chance to defeat MR: 28%)
The cyan ugly thing easily resists.
The cyan ugly thing misses you.
Evoke which item? (* to show all) (? for menu, Esc to quit)
Aiming: Paralyse
Press: ? - help, Shift-Dir - straight line, f/p - cyan ugly thing
Aim: a cyan ugly thing (chance to defeat MR: 28%)
The cyan ugly thing easily resists.
The cyan ugly thing gores you.
* * * LOW HITPOINT WARNING * * *
The cyan ugly thing shocks you!
You die...

#≈#≈#÷####.....#.
#.#≈≈≈†÷≈#.....'.
##########≈#.....#.
#.≈≈≈≈≈≈≈≈≈#.....#.
#####.≈≈#≈#≈####.....#.
#......≈.≈≈≈≈≈.......#.
#..........≈.........+.
#......................
#.....@.#..#.........#+
#.....u.#..#...#.....#.
#.......#..#...'...###.
#####.......#..#...#...'...
#...........#..##..#...###.
#...........#..##..##....#.
#...>.).....#............#+
#...........+..............
#####.......#...........###


You could see a cyan ugly thing.

Vanquished Creatures
  A sky beast (D:6)
  An ogre (D:6)
  A phantom (D:6)
  2 centaurs
  A water moccasin skeleton (D:6)
  3 crimson imps
  2 centaur zombies (Ossuary)
  A human zombie (Ossuary)
  A jelly (D:6)
  A hound (D:4)
  2 orc wizards
  2 bullfrog skeletons
  2 iguanas
  4 worker ants
  A big kobold zombie (Ossuary)
  4 mummies (Ossuary)
  A howler monkey skeleton (D:5)
  4 gnolls
  12 adders
  5 river rats (D:6)
  4 worms
  4 dart slugs
  6 leopard geckos
  16 orcs
  A ball python (D:1)
  5 bats
  4 giant cockroaches
  7 goblins
  9 hobgoblins
  12 jackals
  7 quokkas
  2 frilled lizards
  A gnoll zombie (Ossuary)
  2 goblin zombies (Ossuary)
  9 kobolds
  A kobold zombie (Ossuary)
  A quokka zombie (D:5)
  7 rats
  A spectral orc (D:6)
150 creatures vanquished.

Vanquished Creatures (others)
  5 fulminant prisms
5 creatures vanquished.

Grand Total: 155 creatures vanquished

Notes
Turn   | Place    | Note
-------+----------+-------------------------------------------
     0 | D:1      | Faustar the Draconian Conjurer began the quest for the Orb.
     0 | D:1      | Reached XP level 1. HP: 14/14 MP: 3/3
   107 | D:1      | Reached skill level 1 in Fighting
   141 | D:1      | Reached XP level 2. HP: 22/23 MP: 5/5
   594 | D:1      | Reached XP level 3. HP: 22/29 MP: 6/6
   701 | D:1      | Learned a level 2 spell: Searing Ray
  1581 | D:2      | Found a sacrificial altar of Ru.
  2205 | D:3      | Reached XP level 4. HP: 37/37 MP: 4/7
  2948 | D:3      | Found a corrupted altar of Lugonu.
  3512 | D:4      | Reached XP level 5. HP: 36/42 MP: 3/9
  3552 | D:4      | Reached skill level 5 in Conjurations
  4275 | D:4      | Reached XP level 6. HP: 28/50 MP: 8/11
  4585 | D:5      | Entered Level 5 of the Dungeon
  4665 | D:4      | Learned a level 4 spell: Fulminant Prism
  4747 | D:5      | Reached skill level 1 in Hexes
  5062 | D:5      | Got an ichor-stained flail
  5395 | D:5      | Your scales start taking on an icy white colour.
  5395 | D:5      | Reached XP level 7. HP: 43/56 MP: 8/13
  5395 | D:5      | Gained mutation: Your flesh is cold resistant. (rC+) [White
                  | Draconian growth]
  5895 | D:6      | Found a basalt altar of Yredelemnul.
  6025 | D:6      | Found a sand-covered staircase.
  6031 | Ossuary  | Entered an ossuary
  6127 | Ossuary  | Reached skill level 5 in Hexes
  6814 | D:6      | Reached XP level 8. HP: 55/62 MP: 14/14
  6870 | D:6      | Found a shimmering blue altar of Sif Muna.
  6870 | D:6      | Found a glowing silver altar of Zin.
  7088 | D:6      | Found a shimmering altar of Xom.
  7245 | D:6      | Reached skill level 5 in Spellcasting
  7747 | D:7      | Noticed a cyan ugly thing
  7759 | D:6      | Slain by a cyan ugly thing

Skill      XL: |  1  2  3  4  5  6  7  8 |
---------------+-------------------------+-----
Fighting       | 1 2 |  2.7
Spellcasting   | 3 4 5 |  5.1
Conjurations   | 5 6 |  6.6
Hexes          | 3 5 6 |  6.0
Dodging        | |  1.7
Stealth        | |  2.0

Action                   |  1- 3 |  4- 6 |  7- 9 || total
-------------------------+-------+-------+-------++-------
Melee: Unarmed           |   126 |     5 |       ||   131
       Tailslap          |    11 |     2 |    11 ||    24
       Dagger            |       |    52 |   120 ||   172
 Cast: Magic Dart        |    66 |   106 |    63 ||   235
       Searing Ray       |     2 |    21 |    15 ||    38
       Fulminant Prism   |       |       |     5 ||     5
Evoke: Wand              |       |       |     4 ||     4
  Use: Potion            |       |     2 |       ||     2
       Scroll            |       |       |     6 ||     6
 Stab: Sleeping          |     4 |     1 |     1 ||     6
  Eat: Chunk             |     8 |    12 |    13 ||    33
       Ration            |       |     2 |       ||     2
Armor: Skin              |    32 |    37 |    51 ||   120
Dodge: Dodged            |    76 |    45 |    75 ||   196
